 Dungeon Crawl Stone Soup version 0.21-a0-504-g2eda330 (webtiles) character file.

170307 Armakuni the Nimble (level 17, -13/243 HPs)
             Began as a Gnoll Gladiator on Nov 25, 2017.
             Was the Champion of Ashenzari.
             Killed from afar by a frost giant (36 damage)
             ... with a bolt of cold
             ... on level 2 of the Depths on Nov 26, 2017.
             The game lasted 02:16:20 (30946 turns).

Armakuni the Nimble (Gnoll Gladiator)              Turns: 30946, Time: 02:16:21

Health: -13/243    AC: 23    Str: 27    XL:     17   Next: 99%
Magic:  25/35      EV: 22    Int: 21    God:    Ashenzari [******]
Gold:   1380       SH:  4    Dex: 17    Spells: 6/39 levels left

rFire    . . .     SeeInvis +   a - +9 battleaxe of Kyfru {protect, +Rage}
rCold    . . .     Gourm    .   (shield currently unavailable)
rNeg     . . .     Faith    .   z - +5 scale mail "Cidasaaw" {SInv} (curse)
rPois    +         Spirit   .   l - +0 hat of Resoem {+Blink MR+ Slay+3 Stlth+} (curse)
rElec    +         Reflect  .   I - scarf {repulsion} (curse)
rCorr    .         Harm     .   (no gloves)
MR       +++..     Clarity  +   V - +0 pair of boots (curse) Stlth ..........Rnd*Tele +
                                R - amulet of regeneration (curse)
HPRegen  0.90/turn              W - ring of wizardry
MPRegen  0.24/turn              M - ring of Perfectionism {+Fly rPois MR+ Str+4 Int+5} (curse)

@: berserking, protection aura, repel missiles, very quick
A: distributed training, fangs 1, large bone plates 1, see invisible, berserk 1,
high mp 1, robust 2, electricity resistance, teleportitis 1, evolution 1,
MP-powered wands, strong nose
a: Curse Item, Scrying, Renounce Religion, Evoke Blink, Evoke Berserk Rage,
Evoke Flight


You were on level 2 of the Depths.
You worshipped Ashenzari.
Ashenzari was exalted by your worship.
You were near starving.

You visited 6 branches of the dungeon, and saw 27 of its levels.
You also visited: Sewer and Ice Cave.

You collected 2507 gold pieces.
You spent 1127 gold pieces at shops.

Inventory:

Hand Weapons
 a - the +9 battleaxe of Kyfru (weapon) {protect, +Rage}
   (You found it on level 14 of the Dungeon)

   It protects the one who uses it against injury (+AC on strike).
   It lets you go berserk.
 E - a +4 demon blade of electrocution
Armour
 g - a scarf of resistance
 l - the cursed +0 hat of Resoem (worn) {+Blink MR+ Slay+3 Stlth+}
   (You found it in an ice cave)

   It affects your accuracy and damage with ranged weapons and melee attacks
   (+3).
   It affects your resistance to hostile enchantments.
   It lets you blink.
   It makes you more stealthy.
   It has a curse placed upon it.
 z - the cursed +5 scale mail "Cidasaaw" (worn) {SInv}
   (You found it in a sewer)

   It lets you see invisible.
   It has a curse placed upon it.
 I - a cursed scarf of repulsion (worn)
 V - a cursed +0 pair of boots (worn)
 Z - a scarf of cloud immunity
Magical Staves
 b - an uncursed staff of energy
Jewellery
 F - an uncursed ring of protection from fire
 K - an uncursed ring of resist corrosion
 M - the cursed ring of Perfectionism (right hand) {+Fly rPois MR+ Str+4 Int+5}
   (You found it on level 1 of the Lair of Beasts)

   [ring of flight]

   It affects your strength (+4).
   It affects your intelligence (+5).
   It protects you from poison.
   It affects your resistance to hostile enchantments.
   It lets you fly.
   It has a curse placed upon it.
 R - a cursed amulet of regeneration (around neck)
 W - a ring of wizardry (left hand)
Wands
 v - a wand of digging (6)
 O - a wand of acid (17)
 U - a wand of iceblast (18)
Scrolls
 c - a scroll of immolation
 k - a scroll of remove curse
 m - 6 scrolls of teleportation
 n - 2 scrolls of magic mapping
 q - 3 scrolls of amnesia
 r - 2 scrolls of fear
 C - a scroll of silence
 D - a scroll of vulnerability
 L - 2 scrolls of blinking
 N - 9 scrolls of enchant armour
 Q - 2 scrolls of enchant weapon
 T - 9 scrolls of identify
 X - 2 scrolls of brand weapon
 Y - a scroll of summoning
Potions
 f - a potion of haste
 h - 5 potions of heal wounds
 i - 2 potions of magic
 j - a potion of brilliance
 o - 2 potions of cancellation
 p - 2 potions of resistance
 s - 12 potions of curing
 u - 5 potions of agility
 B - 2 potions of flight
 P - a potion of ambrosia
 S - 2 potions of lignification
Miscellaneous
 t - a lightning rod (4/4)
Comestibles
 d - 5 chunks of flesh
 e - 21 bread rations
 G - 15 royal jellies
 J - 5 meat rations


   Skills:
 + Level 12.4 Fighting
 + Level 11.7 Short Blades
 + Level 11.7 Long Blades
 + Level 11.7 Axes
 + Level 11.7 Maces & Flails
 + Level 11.7 Polearms
 + Level 13.1 Staves
 + Level 11.7 Slings
 + Level 11.7 Bows
 + Level 11.7 Crossbows
 + Level 12.4 Throwing
 + Level 11.7(14.4) Armour
 + Level 13.1(15.7) Dodging
 + Level 11.7 Stealth
 + Level 11.7 Shields
 + Level 11.7 Unarmed Combat
 + Level 11.7 Spellcasting
 + Level 10.0(12.8) Conjurations
 + Level 10.0(12.8) Hexes
 + Level 10.0(12.8) Charms
 + Level 10.0(12.8) Summonings
 + Level 10.0(12.8) Necromancy
 + Level 10.0(12.8) Translocations
 + Level 10.0(12.8) Transmutations
 + Level 10.0(12.8) Fire Magic
 + Level 10.0(12.8) Ice Magic
 + Level 10.0(12.8) Air Magic
 + Level 10.0(12.8) Earth Magic
 + Level 10.0(12.8) Poison Magic
 + Level 12.6 Invocations
 + Level 11.7(14.4) Evocations


You had 6 spell levels left.
You knew the following spells:

 Your Spells              Type           Power        Failure   Level  Hunger
a - Aura of Abjuration    Summ           ######....   1%          5    ####...
b - Summon Lightning Spi  Summ/Air       ######..     1%          4    #......
c - Conjure Flame         Conj/Fire      ######..     1%          3    None
g - Shroud of Golubria    Chrm/Tloc      ######....   1%          2    None
j - Freezing Cloud        Conj/Ice/Air   ######....   3%          6    ######.
l - Lesser Beckoning      Tloc           ######....   1%          3    None
o - Teleport Other        Tloc           ######..     1%          3    None
r - Regeneration          Chrm/Necr      ######....   1%          3    None
A - Animate Dead          Necr           N/A          1%          4    #......


Dungeon Overview and Level Annotations

Branches:
Dungeon (15/15)            Temple (1/1) D:5            Lair (6/6) D:9
 Shoals (0/4) Lair:3        Snake (1/4) Lair:3        Slime (0/5) Lair:6
    Orc (2/2) D:11            Elf (0/3) Orc:2        Vaults (0/5) D:14
 Depths (2/5) D:15

Altars:
Ashenzari
Cheibriados
Dithmenos
Elyvilon
Fedhas
Gozag
Hepliaklqana
Kikubaaqudgha
Makhleb
Nemelex Xobeh
Okawaru
Qazlal
Ru
Sif Muna
Trog
Uskayaw
Vehumet
Wu Jian
Xom
Yredelemnul
Zin
The Shining One
Beogh

Shops:
D:5 [   D:12 }   Orc:2 [[(:   Depths:1 (   Depths:2 [

Portals:
Hell: Depths:1
Abyss: Depths:2


Innate Abilities, Weirdness & Mutations

Your experience applies equally to all skills.
You have very sharp teeth.
Your uncanny sense of smell can sniff out nearby items.
You are partially covered in large bone plates. (SH +4)
You have supernaturally acute eyesight. (SInv)
You tend to lose your temper in combat.
You have an increased reservoir of magic. (+10% MP)
You are very robust. (+20% HP)
You are resistant to electric shocks. (rElec)
You are occasionally teleported next to monsters.
You evolve.
You expend magic power (3 MP) to strengthen your wands.


Message History

* * * LOW HITPOINT WARNING * * *
The ice dragon breathes frost at you.
The blast of cold hits the frost giant.
The frost giant resists.
The blast of cold misses you.
You barely miss the frost giant.
The frost giant is heavily wounded.
Unknown command.
Unknown command.
You slice the frost giant!! You bite the frost giant.
The frost giant is severely wounded.
The frost giant hits you but does no damage.
The yaktaur moves out of view.
You slash the frost giant!
The frost giant is severely wounded.
The frost giant points at you and mumbles some strange words.
The bolt of cold hits you!
* * * LOW HITPOINT WARNING * * *
The frost giant points at you and mumbles some strange words.
The bolt of cold hits you!
You die...

**,,,,** ,, ***,
,, ,* ** * , ,,..,
'.##∆, , * * ,** *
, .. ##C.##∆{ * ,
,, ∆ .##...$##{ ,
** ,*
***,'#..(...## ,,,
* * , * #c..).§..
{,, ,* , ** *
###C#))§§#+ *,,, *
** *,, *
##...##§§# , *,
,,, * , <,
##....@CD#*{,, ,,*
,,,,
..*##...8.(##+{{,,
,,,, , ,
>,...#......(# {{
,∆* ,+ * ,,,,
......(..(## *∆{{,
*,* ,* ,, ,
.........## *,,,
+,, ,
....#...#######,{
*, ≈≈* , ,,, .#.
#....#.#..#{ * ≈ ≈
, , #....#.......#
,, *,≈ * . , ,
..###.###...#.##
{{ + ,


You could see 2 frost giants, an ice dragon and a yaktaur.

Vanquished Creatures
  Gastronok (D:11)
  Agnes (D:15)
  A deep elf sorcerer (D:14)
  A fire giant (Depths:1)
  2 frost giants (Depths:2)
  Louise (D:15)
  An orc warlord (Orc:2)
  6 stone giants
  6 very ugly things (Depths:1)
  2 vampire knights (Depths:1)
  8 spark wasps
  2 ettins (Depths:1)
  3 fire dragons
  A merfolk impaler (Depths:1)
  A yaktaur captain (Depths:1)
  A great orb of eyes (Depths:2)
  2 naga warriors (Snake:1)
  7 hydras
  2 ice dragons
  7 centaur warriors
  An anaconda (Lair:3)
  4 deep troll earth magi
  15 two-headed ogres
  3 tengu warriors
  5 deep troll shamans
  2 orc high priests (Orc:2)
  2 death yaks
  2 ogre magi
  A vampire mage (D:14)
  A storm dragon zombie (Depths:2)
  2 iron trolls (Depths:1)
  3 unseen horrors
  13 deep trolls
  2 wizards
  4 orc knights
  A harpy (shapeshifter) (D:14)
  A necromancer (D:15)
  6 orc sorcerers
  27 ugly things
  2 oklob plants (Lair:2)
  9 deep elf magi
  A salamander (Snake:1)
  A faun (shapeshifter) (Depths:1)
  4 elephants (Lair:5)
  3 cyclopes
  5 black mambas
  9 centaur zombies
  10 naga magi
  A frost giant skeleton (Depths:2)
  2 torpor snails (Lair:4)
  2 ice statues (IceCv)
  12 spiny frogs
  4 kobold demonologists
  2 freezing wraiths
  5 komodo dragons
  A rime drake (Lair:3)
  16 yaktaurs
  9 ice devils
  7 trolls
  11 polar bears
  A polar bear (shapeshifter) (D:15)
  Prince Ribbit (D:9)
  A hornet (D:12)
  A raiju (Lair:6)
  5 dream sheep
  4 blink frogs (Lair:4)
  9 slime creatures
  13 hippogriffs
  An elf zombie (Depths:2)
  3 centaur simulacra
  A wraith (D:12)
  2 shadows
  8 water elementals
  3 wyverns
  An elf simulacrum (Depths:2)
  42 yaks
  A hungry ghost (D:9)
  4 basilisks
  A steam dragon (D:11)
  2 vampire mosquitoes (D:15)
  A naga (Snake:1)
  5 wargs
  A swamp worm (shapeshifter) (Depths:1)
  An acid dragon (D:13)
  4 water moccasins
  13 black bears
  16 hell hounds (Lair:6)
  7 porcupines
  3 sky beasts
  33 orc warriors
  5 ice beasts
  16 ogres
  6 phantoms
  23 wolves
  11 centaurs
  Blork the orc (D:5)
  11 crocodiles
  7 big kobolds
  A wyvern zombie (D:10)
  19 bullfrogs
  A wyvern skeleton (D:13)
  4 scorpions
  19 killer bees
  16 wights
  2 howler monkeys
  3 electric eels
  A bullfrog zombie (D:9)
  9 crimson imps
  6 hounds
  26 orc priests
  6 human zombies (D:7)
  A jelly (D:5)
  7 centaur skeletons
  5 bullfrog skeletons
  3 gnoll shamans
  2 human skeletons (D:7)
  6 iguanas
  22 orc wizards
  12 worker ants
  A killer bee zombie (D:7)
  2 hound zombies
  A hound skeleton (D:9)
  2 mummies (D:7)
  18 gnolls
  11 adders
  2 river rats (Sewer)
  5 shadow imps
  9 white imps
  7 ufetubi (IceCv)
  An ooze (D:2)
  An adder skeleton (D:9)
  An adder zombie (D:9)
  3 worms
  3 dart slugs
  7 leopard geckos
  96 orcs
  6 ball pythons
  8 bats
  7 giant cockroaches
  5 hobgoblins
  9 jackals
  5 quokkas
  11 frilled lizards
  6 goblins
  48 kobolds
  34 rats
  A butterfly (Lair:1)
  4 fungi
  6 plants
  A toadstool (D:1)
1027 creatures vanquished.

Vanquished Creatures (collateral kills)
  A hydra (Lair:6)
  A naga warrior (Snake:1)
  2 orc knights (Orc:2)
  An ugly thing (Depths:1)
  A guardian serpent (Snake:1)
  A black mamba (Snake:1)
  A spiny frog (Lair:2)
  A komodo dragon (Lair:2)
  A yak (Lair:6)
  2 wargs (Lair:6)
  A naga (Snake:1)
  4 orc warriors
  A wolf (Lair:6)
  An orc (Orc:1)
19 creatures vanquished.

Vanquished Creatures (others)
  A reaper (IceCv)
  A necromancer (Depths:1)
  2 white imps (IceCv)
  4 ufetubi (IceCv)
  An orc (D:4)
  12 fungi
  23 plants
  3 toadstools (D:1)
47 creatures vanquished.

Grand Total: 1093 creatures vanquished

Notes
Turn   | Place    | Note
-------+----------+-------------------------------------------
     0 | D:1      | Armakuni the Gnoll Gladiator began the quest for the Orb.
     0 | D:1      | Reached XP level 1. HP: 20/20 MP: 1/1
   252 | D:1      | Reached XP level 2. HP: 24/26 MP: 2/2
   429 | D:1      | Reached XP level 3. HP: 30/31 MP: 3/3
   595 | D:1      | You fall through a shaft!
   743 | D:2      | Reached skill level 1 in Invocations
  1027 | D:1      | Reached skill level 1 in Short Blades
  1027 | D:1      | Reached skill level 1 in Long Blades
  1027 | D:1      | Reached skill level 1 in Axes
  1027 | D:1      | Reached skill level 1 in Maces & Flails
  1027 | D:1      | Reached skill level 1 in Polearms
  1027 | D:1      | Reached skill level 1 in Slings
  1027 | D:1      | Reached skill level 1 in Bows
  1027 | D:1      | Reached skill level 1 in Crossbows
  1027 | D:1      | Reached skill level 1 in Armour
  1027 | D:1      | Reached skill level 1 in Stealth
  1027 | D:1      | Reached skill level 1 in Shields
  1027 | D:1      | Reached skill level 1 in Unarmed Combat
  1027 | D:1      | Reached skill level 1 in Spellcasting
  1027 | D:1      | Reached skill level 1 in Evocations
  1350 | D:1      | Reached XP level 4. HP: 38/38 MP: 5/5
  1635 | D:2      | Found a faded altar of an unknown god.
  1912 | D:3      | Reached skill level 1 in Conjurations
  1912 | D:3      | Reached skill level 1 in Hexes
  1912 | D:3      | Reached skill level 1 in Charms
  1912 | D:3      | Reached skill level 1 in Summonings
  1912 | D:3      | Reached skill level 1 in Necromancy
  1912 | D:3      | Reached skill level 1 in Translocations
  1912 | D:3      | Reached skill level 1 in Transmutations
  1912 | D:3      | Reached skill level 1 in Fire Magic
  1912 | D:3      | Reached skill level 1 in Ice Magic
  1912 | D:3      | Reached skill level 1 in Air Magic
  1912 | D:3      | Reached skill level 1 in Earth Magic
  1912 | D:3      | Reached skill level 1 in Poison Magic
  1912 | D:3      | Reached XP level 5. HP: 43/43 MP: 6/6
  2126 | D:3      | Reached XP level 6. HP: 35/50 MP: 8/8
  2907 | D:4      | Noticed a phantom
  2945 | D:3      | Reached skill level 5 in Fighting
  2945 | D:3      | Reached skill level 5 in Throwing
  3084 | D:3      | Killed a phantom
  3151 | D:4      | Reached XP level 7. HP: 54/56 MP: 10/10
  3493 | D:4      | Learned a level 3 spell: Call Canine Familiar
  4340 | D:5      | Entered Level 5 of the Dungeon
  4373 | D:5      | Found an iron altar of Okawaru.
  4425 | D:5      | Found a glowing drain.
  4434 | Sewer    | Entered a sewer
  4585 | Sewer    | Reached XP level 8. HP: 58/63 MP: 12/12
  4594 | Sewer    | Got a twisted scale mail
  4605 | Sewer    | Identified the +5 scale mail "Cidasaaw" {SInv} (You found it in a sewer)
  5303 | D:5      | Noticed Blork the orc
  5310 | D:5      | Killed Blork the orc
  5413 | D:5      | Found a staircase to the Ecumenical Temple.
  5425 | Temple   | Entered the Ecumenical Temple
  5497 | Temple   | Became a worshipper of Ashenzari the Shackled
  5762 | D:5      | Found Zevve's Armour Shoppe.
  5980 | D:6      | Reached XP level 9. HP: 69/69 MP: 14/14
  7971 | D:7      | Reached skill level 5 in Invocations
  8043 | D:7      | Reached * piety under Ashenzari
  8345 | D:7      | Found a basalt altar of Yredelemnul.
  8458 | D:7      | Reached XP level 10. HP: 73/77 MP: 17/17
  9157 | D:8      | Identified a scroll of acquirement
  9402 | D:8      | Reached skill level 5 in Short Blades
  9402 | D:8      | Reached skill level 5 in Long Blades
  9402 | D:8      | Reached skill level 5 in Axes
  9402 | D:8      | Reached skill level 5 in Maces & Flails
  9402 | D:8      | Reached skill level 5 in Polearms
  9402 | D:8      | Reached skill level 5 in Slings
  9402 | D:8      | Reached skill level 5 in Bows
  9402 | D:8      | Reached skill level 5 in Crossbows
  9402 | D:8      | Reached skill level 5 in Armour
  9402 | D:8      | Reached skill level 5 in Stealth
  9402 | D:8      | Reached skill level 5 in Shields
  9402 | D:8      | Reached skill level 5 in Unarmed Combat
  9402 | D:8      | Reached skill level 5 in Spellcasting
  9402 | D:8      | Reached skill level 5 in Evocations
 10098 | D:9      | Noticed Prince Ribbit
 10127 | D:9      | Killed Prince Ribbit
 10835 | D:9      | Found a staircase to the Lair.
 10870 | D:9      | Noticed a kobold demonologist
 10956 | D:9      | Killed a kobold demonologist
 11248 | D:9      | Noticed a purple ugly thing
 11279 | D:9      | Killed a purple ugly thing
 11279 | D:9      | Reached XP level 11. HP: 47/84 MP: 17/19
 11492 | D:9      | Noticed a centaur warrior
 11498 | D:9      | Killed a centaur warrior
 11593 | D:9      | Reached skill level 5 in Conjurations
 11593 | D:9      | Reached skill level 5 in Hexes
 11593 | D:9      | Reached skill level 5 in Charms
 11593 | D:9      | Reached skill level 5 in Summonings
 11593 | D:9      | Reached skill level 5 in Necromancy
 11593 | D:9      | Reached skill level 5 in Translocations
 11593 | D:9      | Reached skill level 5 in Transmutations
 11593 | D:9      | Reached skill level 5 in Fire Magic
 11593 | D:9      | Reached skill level 5 in Ice Magic
 11593 | D:9      | Reached skill level 5 in Air Magic
 11593 | D:9      | Reached skill level 5 in Earth Magic
 11593 | D:9      | Reached skill level 5 in Poison Magic
 11946 | D:9      | Gained mutation: Your system is resistant to poisons. (rPois) [mutagenic meat]
 11947 | D:9      | Gained mutation: Your flesh is cold resistant. (rC+) [mutagenic meat]
 12189 | Lair:1   | Entered Level 1 of the Lair of Beasts
 12200 | Lair:1   | Learned a level 4 spell: Summon Lightning Spire
 12279 | Lair:1   | Identified the ring of Perfectionism {+Fly rPois MR+ Str+4 Int+5}
 12282 | Lair:1   | Reached ** piety under Ashenzari
 13639 | Lair:2   | Reached XP level 12. HP: 93/93 MP: 22/22
 14973 | Lair:3   | Found a staircase to the Shoals.
 15120 | Lair:3   | Reached *** piety under Ashenzari
 15208 | Lair:3   | Found a staircase to the Snake Pit.
 15340 | Lair:3   | Noticed a death yak
 15341 | Lair:3   | Noticed an anaconda
 15361 | Lair:3   | Killed an anaconda
 15361 | Lair:3   | Reached skill level 10 in Staves
 15361 | Lair:3   | Reached skill level 10 in Dodging
 15373 | Lair:3   | Killed a death yak
 15767 | Lair:4   | Found a frozen archway.
 15776 | IceCv    | Entered an ice cave
 15833 | IceCv    | Reached XP level 13. HP: 70/101 MP: 21/24
 15890 | IceCv    | Killed a reaper
 15931 | IceCv    | Got the uncursed hat of Resoem {+Blink MR+ Slay+3 Stlth+}
 15942 | IceCv    | Identified the +0 hat of Resoem {+Blink MR+ Slay+3 Stlth+} (You found it in an ice cave)
 16954 | Lair:4   | Reached **** piety under Ashenzari
 17098 | Lair:4   | Found a runed door.
 17765 | Lair:5   | Learned a level 3 spell: Conjure Flame
 17770 | Lair:5   | Learned a level 4 spell: Sticky Flame
 17910 | Lair:6   | Entered Level 6 of the Lair of Beasts
 18248 | Lair:6   | Found a staircase to the Slime Pits.
 18530 | Lair:6   | Reached XP level 14. HP: 106/109 MP: 23/26
 18741 | Lair:6   | Reached skill level 10 in Fighting
 18741 | Lair:6   | Reached skill level 10 in Throwing
 19330 | D:10     | Entered Level 10 of the Dungeon
 20037 | D:11     | Noticed Gastronok
 20051 | D:11     | Killed Gastronok
 20159 | D:11     | Found a staircase to the Orcish Mines.
 20251 | D:11     | Reached skill level 10 in Invocations
 20567 | Orc:1    | Entered Level 1 of the Orcish Mines
 20567 | Orc:1    | Reached ***** piety under Ashenzari
 20783 | Orc:1    | Found a roughly hewn altar of Beogh.
 20968 | Orc:2    | Entered Level 2 of the Orcish Mines
 21216 | Orc:2    | Found a roughly hewn altar of Beogh.
 21219 | Orc:2    | Found Goseshafue's Antique Armour Boutique.
 21242 | Orc:2    | Bought an ichor-stained chain mail for 275 gold pieces
 21242 | Orc:2    | Identified the +1 chain mail "Vuyprosh" {*Drain MR+++ Str+4 Dex-4} (You bought it in a shop on level 2 of the Orcish Mines)
 21470 | Orc:2    | Noticed an orc warlord
 21574 | Orc:2    | Killed an orc warlord
 21662 | Orc:2    | Found Iptot's Antique Weapon Emporium.
 21669 | Orc:2    | Found a roughly hewn altar of Beogh.
 21669 | Orc:2    | Found Jugiegou's Antique Armour Shoppe.
 21910 | Orc:2    | Found a staircase to the Elven Halls.
 22057 | Orc:2    | Found a roughly hewn altar of Beogh.
 22184 | Orc:2    | Found a roughly hewn altar of Beogh.
 22197 | Orc:2    | Reached XP level 15. HP: 110/117 MP: 24/28
 22206 | Orc:2    | Found Jeimyar's Book Emporium.
 22416 | Orc:2    | Bought a brightly glowing scale mail for 234 gold pieces
 22416 | Orc:2    | Identified the +4 scale mail of Light {*Slow Str+5 Dex+3} (You bought it in a shop on level 2 of the Orcish Mines)
 22416 | Orc:2    | Bought a shimmering scale mail for 234 gold pieces
 22416 | Orc:2    | Identified the +4 scale mail of Understanding {*Slow +Blink rN+ MR++} (You bought it in a shop on level 2 of the Orcish Mines)
 22616 | Snake:1  | Entered Level 1 of the Snake Pit
 22803 | Snake:1  | HP: 7/175 [naga warrior/scimitar (19)]
 23186 | D:12     | Found Mymijana's Gadget Boutique.
 24567 | D:13     | Reached ****** piety under Ashenzari
 24786 | D:14     | Reached skill level 10 in Short Blades
 24786 | D:14     | Reached skill level 10 in Long Blades
 24786 | D:14     | Reached skill level 10 in Axes
 24786 | D:14     | Reached skill level 10 in Maces & Flails
 24786 | D:14     | Reached skill level 10 in Polearms
 24786 | D:14     | Reached skill level 10 in Slings
 24786 | D:14     | Reached skill level 10 in Bows
 24786 | D:14     | Reached skill level 10 in Crossbows
 24786 | D:14     | Reached skill level 10 in Armour
 24786 | D:14     | Reached skill level 10 in Stealth
 24786 | D:14     | Reached skill level 10 in Shields
 24786 | D:14     | Reached skill level 10 in Unarmed Combat
 24786 | D:14     | Reached skill level 10 in Spellcasting
 24786 | D:14     | Reached skill level 10 in Evocations
 24831 | D:14     | Gained mutation: You are clumsy. (Dex -2) [mutagenic meat]
 24832 | D:14     | Gained mutation: You are occasionally teleported next to monsters. [mutagenic meat]
 24833 | D:14     | Gained mutation: Your skin changes colour to match your surroundings (Stealth+). [mutagenic meat]
 24840 | D:14     | Lost mutation: You are clumsy. (Dex -2) [mutagenic meat]
 24899 | D:14     | Found a gate to the Vaults.
 25475 | D:14     | Identified Navuth's Almanac of Calling
 25497 | D:14     | Identified the Guide on Flight and the Arsonist
 25505 | D:14     | Learned a level 5 spell: Aura of Abjuration
 25540 | D:14     | Found a deep blue altar of Sif Muna.
 25588 | D:14     | Identified the Disquisition on Unstable Weightlessness
 25589 | D:14     | Identified Vaot Moz's Tome of Lucky Transformation
 25600 | D:14     | Learned a level 6 spell: Freezing Cloud
 25625 | D:14     | Identified the Reference Book on Boosts and Transformation
 25630 | D:14     | Learned a level 3 spell: Regeneration
 25678 | D:14     | Noticed a deep elf sorcerer
 25685 | D:14     | Killed a deep elf sorcerer
 25823 | D:14     | Identified the +9 battleaxe of Kyfru {protect, +Rage}
 25953 | D:15     | Entered Level 15 of the Dungeon
 25977 | D:15     | Reached XP level 16. HP: 124/125 MP: 30/30
 26006 | D:15     | Gained mutation: You have supernaturally acute eyesight. (SInv) [mutagenic meat]
 26012 | D:15     | Gained mutation: You are somewhat resistant to further mutation. [mutagenic meat]
 26023 | D:15     | Gained mutation: You are robust. (+10% HP) [mutagenic meat]
 26146 | D:15     | Noticed Louise
 26166 | D:15     | Killed Louise
 26285 | D:15     | Found a staircase to the Depths.
 26619 | D:15     | Noticed Agnes
 26640 | D:15     | Killed Agnes
 27088 | D:15     | Found a glowing golden altar of the Shining One.
 27474 | Depths:1 | Entered Level 1 of the Depths
 27895 | Depths:1 | Gained mutation: You have an increased reservoir of magic. (+10% MP) [mutagenic meat]
 27899 | Depths:1 | Gained mutation: You are very robust. (+20% HP) [mutagenic meat]
 27904 | Depths:1 | Gained mutation: You are resistant to hostile enchantments. (MR+) [mutagenic meat]
 27907 | Depths:1 | Lost mutation: You are resistant to hostile enchantments. (MR+) [mutagenic meat]
 27912 | Depths:1 | Gained mutation: You are agile. (Dex +2) [mutagenic meat]
 27999 | Depths:1 | HP: 3/152 [stone giant (18)]
 28107 | Depths:1 | Lost mutation: Your skin changes colour to match your surroundings (Stealth+). [mutagenic meat]
 28164 | Depths:1 | Reached XP level 17. HP: 106/159 MP: 22/35
 28513 | Depths:1 | Learned a level 2 spell: Shroud of Golubria
 28518 | Depths:1 | Learned a level 3 spell: Teleport Other
 28522 | Depths:1 | Learned a level 3 spell: Lesser Beckoning
 28596 | Depths:1 | Found Jaawoc's Weapon Shop.
 28750 | Depths:1 | Found a gateway to Hell.
 29190 | Depths:1 | Learned a level 4 spell: Animate Dead
 29245 | Depths:1 | Lost mutation: You are somewhat resistant to further mutation. [mutagenic meat]
 29246 | Depths:1 | Lost mutation: You are agile. (Dex +2) [mutagenic meat]
 29247 | Depths:1 | Gained mutation: You are weak. (Str -2) [mutagenic meat]
 29249 | Depths:1 | Gained mutation: You expend magic power (3 MP) to strengthen your wands. [mutagenic meat]
 29251 | Depths:1 | Lost mutation: Your flesh is cold resistant. (rC+) [mutagenic meat]
 29263 | Depths:1 | Lost mutation: You are weak. (Str -2) [potion of mutation]
 29263 | Depths:1 | Gained mutation: Your spells are a little easier to cast, but a little less powerful. [potion of mutation]
 29263 | Depths:1 | Gained mutation: You tend to lose your temper in combat. [potion of mutation]
 29263 | Depths:1 | Gained mutation: You are partially covered in large bone plates. (SH +4) [potion of mutation]
 29264 | Depths:1 | Lost mutation: Your system is resistant to poisons. (rPois) [potion of mutation]
 29264 | Depths:1 | Lost mutation: Your spells are a little easier to cast, but a little less powerful. [potion of mutation]
 29264 | Depths:1 | Gained mutation: Your muscles are strong. (Str +2) [potion of mutation]
 29264 | Depths:1 | Gained mutation: You occasionally shout uncontrollably at your foes. [potion of mutation]
 29264 | Depths:1 | Gained mutation: You are resistant to electric shocks. (rElec) [potion of mutation]
 29408 | Depths:1 | Got the quarterstaff of the Evening {holy, +Rage rElec rF+++ MR-}
 29409 | Depths:1 | Identified the +7 quarterstaff of the Evening {holy, +Rage rElec rF+++ MR-} (You found it on level 1 of the Depths)
 29521 | Depths:1 | Gained mutation: You evolve. [mutagenic meat]
 29523 | Depths:1 | Lost mutation: You occasionally shout uncontrollably at your foes. [mutagenic meat]
 29524 | Depths:1 | Lost mutation: Your muscles are strong. (Str +2) [mutagenic meat]
 29818 | Depths:2 | HP: 4/159 [frost giant/bolt of cold (47)]
 30463 | Depths:2 | Found Tigh's Antique Armour Boutique.
 30470 | Depths:2 | Found a one-way gate to the infinite horrors of the Abyss.
 30480 | Depths:2 | Bought a glowing scarf for 384 gold pieces
 30753 | Depths:2 | Reached skill level 10 in Conjurations
 30753 | Depths:2 | Reached skill level 10 in Hexes
 30753 | Depths:2 | Reached skill level 10 in Charms
 30753 | Depths:2 | Reached skill level 10 in Summonings
 30753 | Depths:2 | Reached skill level 10 in Necromancy
 30753 | Depths:2 | Reached skill level 10 in Translocations
 30753 | Depths:2 | Reached skill level 10 in Transmutations
 30753 | Depths:2 | Reached skill level 10 in Fire Magic
 30753 | Depths:2 | Reached skill level 10 in Ice Magic
 30753 | Depths:2 | Reached skill level 10 in Air Magic
 30753 | Depths:2 | Reached skill level 10 in Earth Magic
 30753 | Depths:2 | Reached skill level 10 in Poison Magic
 30946 | Depths:2 | Killed from afar by a frost giant

Vault maps used:
D:1:      ldierk_water_garden, minmay_liquid_box, grunt_decor_one_mirror,
          corexii_leaking_fountain
D:2:      chequers_ecumenical_altar_grove, feat_on_display
D:3:      first_bread
D:4:      st_stairs_13
D:5:      old_standard_altar, minmay_temple_entry_glassed_door, serial_shops,
          nicolae_shop_trees, cheibrodos_sewer_entry_drain,
          minmay_gold_behind_fungi, uniq_blork_the_orc
D:7:      grunt_ogre_cave, lemuel_mausoleum_altar_yredelemnul
D:9:      lair_entry_dummy, hangedman_decor_growths, minmay_evil_grid,
          uniq_prince_ribbit1
D:11:     orc_0_dummy, uniq_gastronok
D:12:     serial_shops, shop
D:14:     evilmike_library_of_no_secrets, david_vaults_1, serial_ice,
          serial_ice_c, serial_ice_j, serial_ice_f, serial_ice_m,
          minmay_misc_feat_rugged
D:15:     grunt_enter_depths_magical_seal, nicolae_tso_carved_into_rock,
          uniq_louise, uniq_agnes
Temple:   roderic_octagonal_lattice_temple
Lair:1:   lemuel_fruit_fields, grunt_megastairs_5
Lair:2:   grunt_megastairs_4, minmay_lair_oklob_chamber, lemuel_fruit_fields
Lair:3:   elwin_shoals_entry_rocks, dummy_snake_entry,
          hangedman_lair_generics_rect
Lair:4:   portal_ice_cave_entry_pillars_2, pf_torpor_hydra
Lair:5:   grunt_megastairs_3, serial_bayou_shore_a, lemuel_fruit_fields
Lair:6:   hangedman_lair_caniforms_friends, slime_dummy, lemuel_fruit_tree
Snake:1:  spider_trap
Orc:1:    minmay_orc_temple_a
Orc:2:    grunt_orc_community_town_hall, grunt_orc_community_big_house_2,
          grunt_orc_community_big_house_2, grunt_orc_community_house_3,
          grunt_orc_community_house_2, grunt_orc_community_house_2,
          grunt_orc_community_house_2
Depths:1: serial_shops, nicolae_shop_crystal, hangedman_coc_ice_floe,
          serial_bayou_lake_a, firewood_loft
Depths:2: grunt_bent_corner, grunt_hell_entry_dis_grunt, serial_shops,
          nicolae_shop_window_shopping, abyss_entry
Sewer:    sewer_minmay_treatment
IceCv:    ice_cave_small_demon

Skill      XL: |  1  2  3  4  5  6  7  8  9 10 11 12 13 14 15 16 17 |
---------------+----------------------------------------------------+-----
Invocations    | 1 2 3 4 5 6 7 8 9 10 11 12 | 12.6
Short Blades   | 1 2 3 4 5 6 7 8 9 10 11 | 11.7
Long Blades    | 1 2 3 4 5 6 7 8 9 10 11 | 11.7
Axes           | 1 2 3 4 5 6 7 8 9 10 11 | 11.7
Maces & Flails | 1 2 3 4 5 6 7 8 9 10 11 | 11.7
Polearms       | 1 2 3 4 5 6 7 8 9 10 11 | 11.7
Slings         | 1 2 3 4 5 6 7 8 9 10 11 | 11.7
Bows           | 1 2 3 4 5 6 7 8 9 10 11 | 11.7
Crossbows      | 1 2 3 4 5 6 7 8 9 10 11 | 11.7
Armour         | 1 2 3 4 5 6 7 8 9 10 11 | 11.7
Stealth        | 1 2 3 4 5 6 7 8 9 10 11 | 11.7
Shields        | 1 2 3 4 5 6 7 8 9 10 11 | 11.7
Unarmed Combat | 1 2 3 4 5 6 7 8 9 10 11 | 11.7
Spellcasting   | 1 2 3 4 5 6 7 8 9 10 11 | 11.7
Evocations     | 1 2 3 4 5 6 7 8 9 10 11 | 11.7
Conjurations   | 1 2 3 4 5 6 7 8 9 10 | 10.0
Hexes          | 1 2 3 4 5 6 7 8 9 10 | 10.0
Charms         | 1 2 3 4 5 6 7 8 9 10 | 10.0
Summonings     | 1 2 3 4 5 6 7 8 9 10 | 10.0
Necromancy     | 1 2 3 4 5 6 7 8 9 10 | 10.0
Translocations | 1 2 3 4 5 6 7 8 9 10 | 10.0
Transmutations | 1 2 3 4 5 6 7 8 9 10 | 10.0
Fire Magic     | 1 2 3 4 5 6 7 8 9 10 | 10.0
Ice Magic      | 1 2 3 4 5 6 7 8 9 10 | 10.0
Air Magic      | 1 2 3 4 5 6 7 8 9 10 | 10.0
Earth Magic    | 1 2 3 4 5 6 7 8 9 10 | 10.0
Poison Magic   | 1 2 3 4 5 6 7 8 9 10 | 10.0
Fighting       | 5 6 7 8 9 10 11 12 | 12.4
Throwing       | 5 6 7 8 9 10 11 12 | 12.4
Staves         | 7 8 9 10 11 12 13 | 13.1
Dodging        | 7 8 9 10 11 12 13 | 13.1

Action                   |  1- 3 |  4- 6 |  7- 9 | 10-12 | 13-15 | 16-18 || total
-------------------------+-------+-------+-------+-------+-------+-------++-------
Melee: Quarterstaff      |   120 |   169 |   664 |   302 |       |       ||  1255
       Bite              |    14 |    17 |    90 |   107 |   202 |    98 ||   528
       Battleaxe         |       |       |       |   465 |  1186 |   513 ||  2164
       Staff             |       |       |       |       |       |     4 ||     4
 Fire: Blowgun           |       |       |    31 |    54 |       |       ||    85
       Hand crossbow     |       |       |       |    12 |       |       ||    12
Throw: Throwing net      |       |     4 |     1 |     2 |       |       ||     7
       Tomahawk          |       |       |     3 |    35 |    19 |       ||    57
 Cast: Call Canine Famil |       |       |       |     2 |       |       ||     2
       Summon Lightning  |       |       |       |     2 |    16 |       ||    18
       Sticky Flame      |       |       |       |       |    10 |       ||    10
       Freezing Cloud    |       |       |       |       |     4 |    24 ||    28
       Aura of Abjuratio |       |       |       |       |     2 |     1 ||     3
       Conjure Flame     |       |       |       |       |     1 |     3 ||     4
       Regeneration      |       |       |       |       |       |    16 ||    16
       Shroud of Golubri |       |       |       |       |       |     4 ||     4
       Animate Dead      |       |       |       |       |       |     1 ||     1
       Lesser Beckoning  |       |       |       |       |       |     1 ||     1
Invok: Curse Item        |       |       |     1 |     2 |     4 |       ||     7
 Abil: Evoke Berserk Rag |       |       |       |       |       |     6 ||     6
       Evoke Blink       |       |       |       |       |       |     2 ||     2
Evoke: Wand              |       |       |       |    13 |     8 |     4 ||    25
  Use: Scroll            |     3 |     7 |    11 |    13 |     4 |     8 ||    46
       Potion            |       |     1 |     3 |     6 |     7 |     6 ||    23
 Stab: Held in net/web   |       |     2 |     2 |     2 |       |       ||     6
       Distracted        |       |       |     1 |       |     7 |     4 ||    12
       Invisible         |       |       |       |    14 |       |       ||    14
       Sleeping          |       |       |       |     7 |    39 |    10 ||    56
  Eat: Chunk             |     1 |     6 |    11 |    12 |    13 |    61 ||   104
       Meat ration       |       |       |     1 |     2 |       |       ||     3
       Royal jelly       |       |       |     3 |     2 |     1 |     4 ||    10
       Fruit             |       |       |       |     7 |    34 |       ||    41
Armor: Leather armour    |    12 |       |       |       |       |       ||    12
       Ring mail         |     2 |    38 |    34 |       |       |       ||    74
       Scale mail        |       |       |   176 |   341 |   400 |   233 ||  1150
Dodge: Dodged            |    86 |    93 |   464 |   726 |  1270 |   647 ||  3286
       Deflected         |       |       |       |     3 |    23 |    48 ||    74
Block: Other             |       |       |       |       |       |    44 ||    44

Table legend:
 A = Spawn XP
 B = Non-spawn XP
 C = Spawn XP percentage of total XP
 D = Spawn monster count
 E = Non-spawn monster count
 F = Spawn count percentage of total count
 G = Total turns spent on level
                    A         B        C        D         E        F      G
               +---------+---------+-------+---------+---------+-------+---------
         Total |       0 |  243297 |   0.0 |       0 |    1035 |   0.0 | 30946
               +---------+---------+-------+---------+---------+-------+---------
           D:1 |       0 |      54 |   0.0 |       0 |      33 |   0.0 |  1326
           D:2 |       0 |      56 |   0.0 |       0 |      20 |   0.0 |   562
           D:3 |       0 |     429 |   0.0 |       0 |      21 |   0.0 |  1117
           D:4 |       0 |     518 |   0.0 |       0 |      31 |   0.0 |  1335
           D:5 |       0 |     735 |   0.0 |       0 |      20 |   0.0 |   652
           D:6 |       0 |     888 |   0.0 |       0 |      22 |   0.0 |  1117
           D:7 |       0 |    1715 |   0.0 |       0 |      45 |   0.0 |  1629
           D:8 |       0 |     940 |   0.0 |       0 |      25 |   0.0 |  1344
           D:9 |       0 |    7593 |   0.0 |       0 |      57 |   0.0 |  2280
          D:10 |       0 |    5234 |   0.0 |       0 |      42 |   0.0 |   732
          D:11 |       0 |    8670 |   0.0 |       0 |      34 |   0.0 |   580
          D:12 |       0 |    8613 |   0.0 |       0 |      32 |   0.0 |   674
          D:13 |       0 |    4075 |   0.0 |       0 |      16 |   0.0 |   918
          D:14 |       0 |   20219 |   0.0 |       0 |      54 |   0.0 |  1241
          D:15 |       0 |   29237 |   0.0 |       0 |      71 |   0.0 |  1632
        Lair:1 |       0 |    4807 |   0.0 |       0 |      21 |   0.0 |  1481
        Lair:2 |       0 |    5203 |   0.0 |       0 |      18 |   0.0 |  1275
        Lair:3 |       0 |    7236 |   0.0 |       0 |      32 |   0.0 |  1035
        Lair:4 |       0 |    6938 |   0.0 |       0 |      22 |   0.0 |   946
        Lair:5 |       0 |    3452 |   0.0 |       0 |      13 |   0.0 |   646
        Lair:6 |       0 |   16032 |   0.0 |       0 |      75 |   0.0 |  1311
       Snake:1 |       0 |    5065 |   0.0 |       0 |      10 |   0.0 |   234
         Orc:1 |       0 |    2451 |   0.0 |       0 |      37 |   0.0 |   552
         Orc:2 |       0 |   11677 |   0.0 |       0 |      96 |   0.0 |  1362
      Depths:1 |       0 |   56858 |   0.0 |       0 |      73 |   0.0 |  2199
      Depths:2 |       0 |   30545 |   0.0 |       0 |      42 |   0.0 |  1162
         Sewer |       0 |     394 |   0.0 |       0 |      48 |   0.0 |   609
         IceCv |       0 |    3663 |   0.0 |       0 |      25 |   0.0 |   678
               +---------+---------+-------+---------+---------+-------+---------
